 Dungeon Crawl Stone Soup version 0.30-a0-723-gc1506a1cf0 (webtiles) character file.

Game seed: 17399421446928750672

30807 Jackthecabe the Unseen (level 13, -8/64 (72) HPs)
             Began as a Vine Stalker Brigand on Jan 28, 2023.
             Was a Follower of Uskayaw.
             Mangled by a profane servitor
             ... wielding a +2 whip
              (13 damage)
             ... on level 2 of the Abyss.
             The game lasted 00:32:31 (12057 turns).

Jackthecabe the Unseen (Vine Stalker Brigand)      Turns: 12057, Time: 00:32:32

HP:   -8/64 (72)    AC:  8    Str: 14    XL:     13   Next: 54%
MP:   0/18          EV: 16    Int: 11    God:    Uskayaw [*.....]
Gold: 989           SH:  0    Dex: 21    Spells: 4/12 levels left

rFire   . . .      SeeInvis +    V - +1 short sword (speed)
rCold   . . .      Faith    .    (no shield)
rNeg    . . .      Spirit   +    S - +0 troll leather armour
rPois   .          Reflect  .    T - +0 hat
rElec   .          Harm     .    c - +0 cloak
rCorr   .          Rampage  .    t - +0 pair of gloves
Will    +....                    M - +0 pair of boots
Stlth   ++++++                   (no amulet)
HPRegen 1.90/turn                Y - +4 ring of slaying
MPRegen 0.16/turn                v - ring of see invisible

@: about to teleport, wreathed by umbra, heavily drained
A: fangs 3, regeneration 1, magic shield, antimagic bite, no potion heal 2
a: Renounce Religion, Stomp


You were on level 2 of the Abyss.
You worshipped Uskayaw.
Uskayaw was noncommittal.
You visited 3 branches of the dungeon, and saw 17 of its levels.
You visited the Abyss 1 time.
You also visited: Ossuary.

You collected 989 gold pieces.


Innate Abilities, Weirdness & Mutations

You have razor-sharp teeth.
Your natural rate of healing is unusually fast.
When hurt, damage is shared between your health and your magic reserves.
Your bite disrupts and absorbs the magic of your enemies.
Potions cannot restore your health.


   Skills:
 - Level 10.0 Fighting
 - Level 10.0 Short Blades
 - Level 1.7 Throwing
 + Level 6.3 Armour
 - Level 7.0 Dodging
 - Level 15.0 Stealth
 - Level 4.0 Air Magic
 - Level 6.0 Invocations


You had 4 spell levels left.
You knew the following spells:

 Your Spells              Type           Power      Damage    Failure   Level
S - Silence               Hex/Air        2%         N/A       99%         5
X - Vhi's Electric Charg  Tloc/Air       8%         N/A       50%         3

Your spell library contained the following spells:

 Spells                   Type           Power      Damage    Failure   Level
 Static Discharge         Conj/Air       8%         2-3/arc   28%         2
 Apportation              Tloc           0%         N/A       41%         1
 Magic Dart               Conj           0%         1d3       41%         1
 Necrotise                Necr           0%         1d4       41%         1
 Summon Small Mammal      Summ           0%         N/A       41%         1
 Searing Ray              Conj           0%         2d4       54%         2
 Sublimation of Blood     Necr           0%         N/A       54%         2
 Kindle Blastsparks       Fire/Tloc/Air  4%         2d10      61%         3
 Dazzling Flash           Conj/Hex       0%         N/A       78%         3
 Fulminant Prism          Conj/Hex       0%         3d5       99%         4
 Iskenderun's Mystic Bla  Conj/Tloc      0%         2d3       99%         4
 Petrify                  Tmut/Erth      0%         N/A       99%         4
 Arcjolt                  Conj/Air       2%         1d12      99%         5
 Lightning Bolt           Conj/Air       2%         1d13      99%         5
 Agony                    Necr           0%         N/A       100%        5
 Irradiate                Conj/Tmut      0%         3d11      100%        5
 Lee's Rapid Deconstruct  Erth           0%         3d4*      100%        5

Inventory:

Hand Weapons
 y - the +5 rapier of a Million Seers {holy, Stlth+}
   (You found it on level 4 of the Dungeon)

   Stlth:     It makes you more stealthy.
 V - a +1 short sword of speed (weapon)
Missiles
 d - 22 poisoned darts (quivered)
 e - 4 curare-tipped darts {=f}
Armour
 c - a +0 cloak (worn)
 t - a +0 pair of gloves (worn)
 M - a +0 pair of boots (worn)
 S - a +0 troll leather armour (worn)
 T - a +0 hat (worn)
Jewellery
 v - a ring of see invisible (right hand)
 I - a +6 ring of intelligence
 L - a ring of flight
 Y - a +4 ring of slaying (left hand)
Wands
 a - a wand of quicksilver (9)
 m - a wand of polymorph (2)
 q - a wand of roots (4)
 C - a wand of mindburst (6)
 N - a wand of paralysis (13)
 R - a wand of flame (26)
Scrolls
 b - a scroll of fog
 g - 6 scrolls of fear
 h - 9 scrolls of teleportation {@r2}
 n - 3 scrolls of amnesia
 u - a scroll of noise
 w - a scroll of poison
 G - 2 scrolls of magic mapping
 H - 3 scrolls of butterflies
 J - a scroll of torment
 O - a scroll of silence {!r}
 P - 3 scrolls of vulnerability
 U - 2 scrolls of immolation
 X - a scroll of brand weapon {unknown}
 Z - a scroll of enchant armour {unknown}
Potions
 f - 3 potions of mutation {unknown}
 i - 3 potions of lignification {unknown}
 k - 8 potions of ambrosia
 o - 4 potions of attraction {unknown}
 p - a potion of degeneration {unknown}
 r - 2 potions of invisibility
 s - 2 potions of cancellation {unknown}
 x - 2 potions of flight {unknown}
 z - a potion of resistance
 A - 8 potions of curing {@q1}
 B - 2 potions of berserk rage {unknown}
 D - 4 potions of haste {unknown}
 F - 4 potions of brilliance
 K - 2 potions of magic {unknown}
Miscellaneous
 E - a condenser vane

Dungeon Overview and Level Annotations

Branches:
Dungeon (11/15)            Temple (1/1) D:6            Lair (5/5) D:8
  Swamp (0/4) Lair:2       Spider (0/4) Lair:2        Slime (0/5) Lair:4
Ossuary (visited)
    Orc: D:9-12

Altars:
Ashenzari
Cheibriados
Dithmenos
Elyvilon
Fedhas
Gozag
Hepliaklqana
Kikubaaqudgha
Makhleb
Nemelex Xobeh
Okawaru
Qazlal
Ru
Sif Muna
Trog
Uskayaw
Vehumet
Wu Jian
Yredelemnul
Zin
The Shining One
Jiyva
Lugonu

Shops:
D:2 [!:(*

Portals:
Abyss: Lair:3

Annotations:
D:6 1 runed translucent door, xian's ghost, novice TrFi
D:9 3 runed translucent doors, SpyderV's ghost, novice DsFi
Lair:3 2 transporters, Hamu's ghost, adept DsFE
Lair:4 Nessos; Sonja

... #..... #.... .
## ###...... ....#
##.........
......####.........
......A@........♣.
.....▒▒...........
.♣.▒▒▒▒ ▒.▒..#....
▒..▒▒.....#
▒..▓▒....## .▒▒.▒
...# .. ▒ .#.# ...
..## 8 . ..#


You could see a profane servitor.


Message History

You hit the profane servitor.
The profane servitor is lightly damaged.
The profane servitor closely misses you.
The profane servitor hits you but does no damage.
You completely miss the profane servitor.
Your bite misses the profane servitor.
The profane servitor is lightly damaged.
You completely miss the profane servitor.
The profane servitor is lightly damaged.
The profane servitor hits you with a +2 whip!!
* * * LOW HITPOINT WARNING * * *
The profane servitor draws strength from your injuries!
The profane servitor hits you with a +2 whip.
* * * LOW HITPOINT WARNING * * *
You feel drained.
Unknown command.
You miss the profane servitor. Your bite misses the profane servitor.
You miss the profane servitor. You bite the profane servitor.
You drain its power.
You feel invigorated.
The profane servitor is lightly damaged.
The profane servitor barely misses you.
The profane servitor hits you with a +2 whip.
* * * LOW HITPOINT WARNING * * *
You hit the profane servitor but do no damage.
Your bite misses the profane servitor.
The profane servitor is lightly damaged.
You puncture the profane servitor! Your bite misses the profane servitor.
The profane servitor is lightly damaged.
The profane servitor hits you with a +2 whip!!
You die...

Skill      XL: |  1  2  3  4  5  6  7  8  9 10 11 12 13 |
---------------+----------------------------------------+-----
Short Blades   | 2 3 4 5 6 8 10 | 10.0
Fighting       | 2 5 8 10 | 10.0
Stealth        | 5 9 12 13 15 | 15.0
Dodging        | 2 6 7 |  7.0
Invocations    | 6 |  6.0
Armour         | 4 6 |  6.3
Air Magic      | 4 |  4.0
Throwing       | |  1.7

Action                     |  1- 3 |  4- 6 |  7- 9 | 10-12 | 13-15 || total
---------------------------+-------+-------+-------+-------+-------++-------
  Melee: Dagger            |    68 |   103 |       |       |       ||   171
         Bite              |    14 |    39 |    74 |   190 |    63 ||   380
         Punch             |     1 |     2 |     7 |    10 |     3 ||    23
         Rapier            |       |    30 |   271 |   254 |       ||   555
         Short sword       |       |       |       |   269 |   158 ||   427
  Throw: Dart              |       |     7 |     2 |     5 |       ||    14
 Invoke: Grand Finale      |       |       |       |     2 |       ||     2
  Evoke: Wand              |       |     4 |     2 |     3 |     1 ||    10
    Use: Potion            |       |       |       |     1 |       ||     1
         Scroll            |       |       |       |    15 |     8 ||    23
   Stab: Sleeping          |     7 |     8 |    18 |    24 |     9 ||    66
         Distracted        |       |     2 |       |     4 |       ||     6
         Paralysed         |       |       |     2 |    40 |    12 ||    54
         Invisible         |       |       |       |     1 |       ||     1
 Armour: Robe              |     7 |    27 |    29 |       |       ||    63
         Steam dragon scal |       |       |    13 |    23 |       ||    36
         Troll leather arm |       |       |       |    59 |    27 ||    86
  Dodge: Dodged            |    34 |    61 |   120 |   224 |    67 ||   506

Levels and vault maps discovered:
D:1:      heliophobic_arrival_ceremonial_halls, layout_basic,
          basic_ecumenical_altar
D:2:      layout_loops_ring, serial_shops, shop, shop,
          nicolae_shop_hallway_stairs, shop_fountains, shop,
          minmay_misc_feat_square, uniq_jessica
D:3:      layout_basic, nicolae_overflow_crystal_walls,
          nicolae_wu_jian_glorious_leap, nicolae_overflow_hidden_temple,
          kennysheep_another_room
D:4:      layout_cave_pools, tgw_xom, grunt_ministairs_15, bh_walls_and_bars,
          uniq_edmund, uniq_blork_the_orc, uniq_pikel
D:5:      layout_rooms, kennysheep_mini_moat, enter_ossuary_4
D:6:      layout_basic, minitemple, temple_garden,
          hellmonk_ghost_happy_afterlife
D:7:      layout_cave_pods, nicolae_qazlal_general_emergency
D:8:      layout_loops_corners, mainiacjoe_overflow_alcove_1,
          mainiacjoe_overflow_24_doors, david_lair_generic, minmay_statues_item,
          kennysheep_decorative_pillar
D:9:      layout_rooms, tso_oasis_becter, biasface_ghost_orc_armoury,
          serial_curves, eino_curves_03, eino_curves_03, st_stairs_14
D:10:     layout_loops_cross, eino_house_with_fridge
D:11:     layout_irregular_city
Temple:   corrupted_temple
Lair:1:   layout_chaotic_city
Lair:2:   layout_hall_layers, minmay_swamp_entry_reptiles,
          spider_nest_entry_webs, basic_altar, chequers_serial_rivers_large_a
Lair:3:   layout_layer_cave, gammafunk_ghost_abyssal_escape, lemuel_fruit_tree,
          grunt_megastairs_3
Lair:4:   layout_big_grid, minmay_slime_entry_pillars, gauntlet_entry_generic,
          chequers_serial_rivers_room_b, dreamdust_gnoll_shepherd, uniq_sonja,
          uniq_nessos
Lair:5:   grunt_lair_end_beastmaster, layout_regular_city, grunt_megastairs_5
Abyss:2:  base:
Lair:5

Notes
Turn   | Place    | Note
-------+----------+-------------------------------------------
     0 | D:1      | Jackthecabe the Vine Stalker Brigand began the quest for
                  | the Orb.
     0 | D:1      | Reached XP level 1. HP: 11/11 MP: 2/2
    31 | D:1      | Reached skill level 2 in Short Blades
   137 | D:1      | Reached XP level 2. HP: 7/15 MP: 1/3
   396 | D:1      | Found a faded altar of an unknown god.
   552 | D:1      | Reached skill level 3 in Short Blades
   595 | D:1      | Reached XP level 3. HP: 18/18 MP: 4/4
   716 | D:2      | Found Koredwep's Distillery.
   831 | D:2      | Noticed Jessica
   840 | D:2      | HP: 1/18 [Jessica/+0 dagger (4)]
   841 | D:2      | Killed Jessica
   842 | D:2      | Gained mutation: Your natural rate of healing is unusually
                  | fast. [Vine Stalker growth]
   842 | D:2      | Reached XP level 4. HP: 2/23 MP: 0/5
   999 | D:2      | Reached skill level 4 in Short Blades
  1018 | D:2      | Found Syryzxoh's Weapon Emporium.
  1128 | D:2      | Found Qidwekh's Book Shop.
  1282 | D:2      | Found Wosax's Armour Emporium.
  1367 | D:2      | Found Zaphil's Assorted Antiques.
  1703 | D:2      | Reached XP level 5. HP: 24/26 MP: 6/6
  1893 | D:3      | Reached skill level 5 in Short Blades
  1959 | D:3      | Found a radiant altar of Vehumet.
  2050 | D:3      | Found a shadowy altar of Dithmenos.
  2053 | D:3      | Found a shimmering blue altar of Sif Muna.
  2168 | D:3      | Found an ornate altar of the Wu Jian Council.
  2282 | D:4      | Identified the +5 rapier of a Million Seers {holy, Stlth+}
  2287 | D:4      | Noticed Blork the orc
  2294 | D:4      | Killed Blork the orc
  2295 | D:4      | Reached XP level 6. HP: 30/30 MP: 7/7
  2543 | D:4      | Reached skill level 6 in Short Blades
  2586 | D:4      | Reached XP level 7. HP: 25/34 MP: 4/8
  2827 | D:4      | Noticed Pikel
  2847 | D:4      | Killed Pikel
  2848 | D:4      | Reached skill level 8 in Short Blades
  2848 | D:4      | Gained mutation: You have razor-sharp teeth. [Vine Stalker
                  | growth]
  2848 | D:4      | Reached XP level 8. HP: 32/38 MP: 9/9
  2951 | D:4      | Noticed Edmund
  2962 | D:4      | Killed Edmund
  3114 | D:5      | Entered Level 5 of the Dungeon
  3131 | D:5      | Reached skill level 9 in Short Blades
  3176 | D:5      | Found a burning altar of Makhleb.
  3340 | D:5      | Found a sand-covered staircase.
  3349 | Ossuary  | Entered an ossuary
  3407 | Ossuary  | Reached skill level 10 in Short Blades
  3423 | Ossuary  | Reached skill level 2 in Fighting
  3423 | Ossuary  | Reached skill level 5 in Stealth
  3478 | Ossuary  | Reached XP level 9. HP: 43/43 MP: 10/10
  3519 | Ossuary  | Reached skill level 3 in Fighting
  3519 | Ossuary  | Reached skill level 6 in Stealth
  3935 | D:6      | Reached skill level 7 in Stealth
  3947 | D:6      | Found a runed translucent door.
  3947 | D:6      | Noticed xian's ghost (novice TrFi)
  4005 | D:6      | Reached skill level 4 in Fighting
  4174 | D:6      | Found a bloodstained altar of Trog.
  4177 | D:6      | Found a glowing silver altar of Zin.
  4181 | D:6      | Found a white marble altar of Elyvilon.
  4295 | D:6      | Noticed a rust devil
  4359 | D:6      | Noticed an angel
  4370 | D:6      | Found a staircase to the Ecumenical Temple.
  4505 | Temple   | Entered the Ecumenical Temple
  4522 | Temple   | Became a worshipper of Uskayaw the Reveller
  4853 | D:7      | Reached * piety under Uskayaw
  4903 | D:7      | Reached ** piety under Uskayaw
  4912 | D:7      | Reached *** piety under Uskayaw
  4914 | D:7      | Reached skill level 5 in Fighting
  4914 | D:7      | Reached skill level 8 in Stealth
  4914 | D:7      | Reached skill level 1 in Dodging
  4978 | D:7      | Reached **** piety under Uskayaw
  5107 | D:7      | Reached skill level 2 in Dodging
  5161 | D:7      | Found a stormy altar of Qazlal.
  5338 | D:7      | Reached skill level 9 in Stealth
  5580 | D:7      | Reached XP level 10. HP: 47/51 MP: 11/11
  5633 | D:7      | Reached skill level 3 in Dodging
  5865 | D:8      | Reached skill level 10 in Stealth
  5892 | D:8      | Found a staircase to the Lair.
  5893 | D:8      | Noticed an elephant
  6014 | D:8      | Killed an elephant
  6015 | D:8      | Reached skill level 4 in Dodging
  6141 | D:8      | Found a sparkling altar of Nemelex Xobeh.
  6385 | D:8      | Found an ancient bone altar of Kikubaaqudgha.
  6745 | D:9      | Reached skill level 11 in Stealth
  6749 | D:9      | Reached skill level 5 in Dodging
  6938 | D:9      | Noticed a kobold demonologist
  6938 | D:9      | Noticed a kobold demonologist
  6945 | D:9      | Killed a kobold demonologist
  6954 | D:9      | Reached ***** piety under Uskayaw
  6956 | D:9      | Killed a kobold demonologist
  6957 | D:9      | Reached skill level 12 in Stealth
  6976 | D:9      | Reached skill level 6 in Dodging
  7052 | D:9      | Reached XP level 11. HP: 56/56 MP: 12/12
  7117 | D:9      | Found a glowing golden altar of the Shining One.
  7294 | D:9      | Found a runed translucent gate.
  7295 | D:9      | Found a runed translucent gate.
  7295 | D:9      | Noticed SpyderV's ghost (novice DsFi)
  7296 | D:9      | Found a runed translucent gate.
  7303 | D:9      | Identified the +11 plate armour of Piggueh {rElec rN++
                  | Str-5}
  7355 | D:10     | Entered Level 10 of the Dungeon
  7440 | D:10     | Reached skill level 6 in Fighting
  7804 | D:10     | Reached skill level 7 in Fighting
  7979 | D:10     | Noticed a necromancer
  7982 | D:10     | Killed a necromancer
  8447 | D:11     | Reached skill level 8 in Fighting
  8450 | D:11     | Reached skill level 1 in Invocations
  8487 | D:11     | Reached skill level 2 in Invocations
  8711 | D:11     | Reached skill level 3 in Invocations
  8842 | D:11     | Reached skill level 4 in Invocations
  9174 | Lair:1   | Entered Level 1 of the Lair of Beasts
  9197 | Lair:1   | Reached skill level 5 in Invocations
  9304 | Lair:1   | Reached skill level 6 in Invocations
  9333 | Lair:1   | Reached XP level 12. HP: 57/65 MP: 17/17
  9335 | Lair:1   | Reached ****** piety under Uskayaw
  9338 | Lair:1   | Reached skill level 9 in Fighting
  9383 | Lair:1   | Identified the +3 robe of the Present {Dex+2}
  9717 | Lair:1   | Reached skill level 10 in Fighting
  9723 | Lair:1   | Learned a level 5 spell: Silence
  9727 | Lair:1   | Learned a level 3 spell: Vhi's Electric Charge
  9956 | Lair:2   | Found a broken altar of Ashenzari.
 10018 | Lair:2   | Noticed a five-headed hydra
 10036 | Lair:2   | Killed a five-headed hydra
 10037 | Lair:2   | Reached skill level 7 in Dodging
 10037 | Lair:2   | Reached skill level 1 in Armour
 10047 | Lair:2   | Reached skill level 2 in Armour
 10060 | Lair:2   | Reached skill level 3 in Armour
 10159 | Lair:2   | Found a hole to the Spider Nest.
 10192 | Lair:2   | Reached skill level 4 in Armour
 10281 | Lair:2   | Reached skill level 1 in Air Magic
 10325 | Lair:2   | Found a staircase to the Swamp.
 10325 | Lair:2   | Noticed a five-headed hydra
 10333 | Lair:2   | Reached skill level 2 in Air Magic
 10346 | Lair:2   | Killed a five-headed hydra
 10472 | Lair:2   | Reached skill level 3 in Air Magic
 10883 | Lair:3   | Reached skill level 13 in Stealth
 10933 | Lair:3   | Reached skill level 4 in Air Magic
 10947 | Lair:3   | Reached XP level 13. HP: 72/72 MP: 18/18
 11030 | Lair:3   | Reached skill level 14 in Stealth
 11225 | Lair:3   | Found a transporter.
 11239 | Lair:3   | Reached skill level 15 in Stealth
 11312 | Lair:3   | Found a one-way gate to the infinite horrors of the Abyss.
 11312 | Lair:3   | Noticed Hamu's ghost (adept DsFE)
 11317 | Lair:3   | Found a transporter.
 11498 | Lair:3   | Reached skill level 5 in Armour
 11784 | Lair:4   | Found a viscous altar of Jiyva.
 11791 | Lair:4   | Reached skill level 6 in Armour
 11807 | Lair:4   | Found a staircase to the Slime Pits.
 11823 | Lair:4   | Noticed Sonja
 11831 | Lair:4   | Noticed Nessos
 11839 | Lair:5   | Entered Level 5 of the Lair of Beasts
 11895 | Lair:5   | Identified a potion of resistance
 11955 | Lair:4   | You are cast into the Abyss!
 11955 | Abyss:2  | Cast into level 2 of the Abyss (Sonja)
 12024 | Abyss:2  | Noticed a profane servitor
 12053 | Abyss:2  | HP: 5/65 [profane servitor/+2 whip (5)]
 12057 | Abyss:2  | Mangled by a profane servitor

Vanquished Creatures
  4 hydras
  A necromancer (D:10)
  Pikel (D:4)
  11 elephants
  4 black mambas
  8 cane toads
  An unseen horror (D:10)
  3 gargoyles
  7 komodo dragons
  2 kobold demonologists (D:9)
  2 rime drakes (Lair:2)
  3 trolls
  A hornet (Lair:3)
  2 polar bears
  14 blink frogs
  A slime creature (Lair:4)
  2 shadows
  5 wyverns
  19 yaks
  2 vampire mosquitoes (D:11)
  5 basilisks
  6 steam dragons
  A redback (Lair:2)
  3 acid dragons
  Edmund (D:4)
  7 water moccasins
  4 orc warriors
  A black bear (Lair:3)
  4 ice beasts
  11 wolves
  3 centaurs
  4 lemures (D:4)
  A phantom (D:5)
  3 kobold brigands (D:8)
  Blork the orc (D:4)
  12 bullfrogs
  2 elf zombies (Ossuary)
  3 necrophages
  2 scorpions (D:4)
  3 wights (D:10)
  A killer bee (D:9)
  2 howler monkeys (D:9)
  5 hounds
  5 jellies
  3 orc priests
  5 centaur zombies (Ossuary)
  3 human zombies (Ossuary)
  A gnoll bouda (D:4)
  7 iguanas
  Jessica (D:2)
  9 orc wizards
  A polar bear simulacrum (D:10)
  3 yak simulacra (D:10)
  3 wolf simulacra (D:10)
  A hound zombie (Ossuary)
  3 mummies (Ossuary)
  7 gnolls
  7 adders
  2 ufetubi
  5 adder zombies (Ossuary)
  4 worms
  3 dart slugs
  32 orcs
  8 ball pythons
  6 endoplasms
  2 giant cockroaches (D:2)
  8 goblins
  5 hobgoblins
  3 jackals (D:1)
  26 kobolds
  5 quokkas
  5 bats
  7 frilled lizards
  3 goblin zombies
  4 hobgoblin zombies (Ossuary)
  3 jackal zombies (Ossuary)
  2 kobold zombies (Ossuary)
  3 orc zombies (Ossuary)
  4 quokka zombies
  2 rats
  3 rat zombies (Ossuary)
  4 river rat simulacra (D:10)
386 creatures vanquished.

Vanquished Creatures (others)
  5 fungi
  3 plants
8 creatures vanquished.

Grand Total: 394 creatures vanquished

Table legend: (Time is in decaauts)
 A = Elapsed time spent in this place.
 B = Non-inter-level travel time spent in this place.
 C = Inter-level travel time spent in this place.
 D = Time resting spent in this place.
 E = Time spent auto-exploring this place.
 F = Levels seen in this place.
 G = Mean time per level.
                   A        B        C        D        E       F      G
               +--------+--------+--------+--------+--------+-----+--------+
         Total |  11590 |  10965 |    625 |    384 |   7918 |  19 |  610.0 |
       Dungeon |   8680 |   8141 |    539 |    333 |   6009 |  11 |  789.1 |
        Temple |     44 |     33 |     11 |      0 |     19 |   1 |   44.0 |
          Lair |   2517 |   2443 |     74 |     38 |   1766 |   5 |  503.4 |
         Abyss |     97 |     97 |      0 |      0 |      0 |   1 |   97.0 |
       Ossuary |    250 |    250 |      0 |     13 |    124 |   1 |  250.0 |
               +--------+--------+--------+--------+--------+-----+--------+

Top non-repeatable levels by time:
     D:8: 1088 daAuts
    D:11: 922 daAuts
  Lair:2: 886 daAuts
     D:6: 868 daAuts
    D:10: 814 daAuts
     D:4: 807 daAuts
     D:7: 790 daAuts
     D:3: 784 daAuts
  Lair:3: 774 daAuts
     D:2: 772 daAuts
     D:1: 708 daAuts
  Lair:1: 622 daAuts
     D:9: 603 daAuts
     D:5: 520 daAuts
 Ossuary: 250 daAuts

Table legend:
 A = Non-vault XP
 B = Vault XP
 C = Vault XP percentage of total XP
 D = Non-vault monster count
 E = Vault monster count
 F = Vault count percentage of total count
                 A         B        C        D         E       F
            +---------+---------+-------+---------+---------+-------
      Total |   37949 |    6061 |  13.8 |     308 |      74 |  19.4
            +---------+---------+-------+---------+---------+-------
        D:1 |      38 |       0 |   0.0 |      23 |       0 |   0.0
        D:2 |      76 |      37 |  32.7 |      20 |       1 |   4.8
        D:3 |     111 |       0 |   0.0 |      18 |       0 |   0.0
        D:4 |     374 |     881 |  70.2 |      23 |       4 |  14.8
        D:5 |     781 |       2 |   0.3 |      20 |       2 |   9.1
        D:6 |     400 |       0 |   0.0 |       8 |       0 |   0.0
        D:7 |    1345 |       0 |   0.0 |      17 |       0 |   0.0
        D:8 |    1034 |    1077 |  51.0 |      35 |       4 |  10.3
        D:9 |    2576 |      59 |   2.2 |      23 |       1 |   4.2
       D:10 |    2047 |     850 |  29.3 |      13 |      12 |  48.0
       D:11 |    3012 |       0 |   0.0 |      16 |       0 |   0.0
     Lair:1 |    5917 |       0 |   0.0 |      24 |       0 |   0.0
     Lair:2 |    7379 |    1400 |  15.9 |      26 |       5 |  16.1
     Lair:3 |    9053 |     723 |   7.4 |      30 |       2 |   6.2
     Lair:4 |    2940 |     362 |  11.0 |      11 |       4 |  26.7
     Lair:5 |     866 |       0 |   0.0 |       1 |       0 |   0.0
    Ossuary |       0 |     670 | 100.0 |       0 |      39 | 100.0
            +---------+---------+-------+---------+---------+-------
